 Dungeon Crawl Stone Soup version 0.22-a0-240-g539252a (webtiles) character file.

82 wolfsongas the Cudgeler (level 4, 0/28 HPs)
             Began as a Gargoyle Gladiator on Feb 22, 2018.
             Shot with an arrow by a centaur (2 damage)
             ... on level 2 of the Dungeon.
             The game lasted 00:02:25 (1446 turns).

wolfsongas the Cudgeler (Gargoyle Gladiator)        Turns: 1446, Time: 00:02:25

Health: 0/28       AC: 11    Str: 18    XL:     4   Next: 43%
Magic:  4/4        EV: 10    Int:  9    God:
Gold:   88         SH:  0    Dex: 11    Spells: 3/3 levels left

rFire    . . .     SeeInvis .   a - +1 flail
rCold    . . .     Gourm    .   (no shield)
rNeg     + . .     Faith    .   e - +0 scale mail
rPois    ∞         Spirit   .   c - +0 helmet
rElec    +         Reflect  .   (no cloak)
rCorr    .         Harm     .   (no gloves)
MR       .....                  (no boots)
Stlth    ..........             (no amulet)
HPRegen  0.09/turn              (no ring)
MPRegen  0.09/turn              (no ring)

@: no status effects
A: negative energy resistance 1, electricity resistance, unbreathing,
petrification resistance, rot immunity, AC +3
a: no special abilities


You were on level 2 of the Dungeon.
You were not hungry.

You visited 1 branch of the dungeon, and saw 2 of its levels.

You collected 88 gold pieces.

Inventory:

Hand Weapons
 a - a +1 flail (weapon)
Missiles
 d - 3 throwing nets (quivered)
Armour
 c - a +0 helmet (worn)
 e - a +0 scale mail (worn)
Scrolls
 g - a scroll of amnesia {unknown}
 h - a scroll of fear {unknown}
 j - 2 scrolls of teleportation
Potions
 i - 2 potions of resistance {unknown}
 k - a potion of heal wounds {unknown}
 l - a potion of mutation {unknown}
 m - a potion of might {unknown}
Comestibles
 b - 3 chunks of flesh
 f - 3 rations


   Skills:
 + Level 3.1 Fighting
 * Level 4.2 Maces & Flails
 - Level 1.7 Throwing
 + Level 1.7 Armour
 - Level 2.4 Dodging


You had 3 spell levels left.
You didn't know any spells.

Dungeon Overview and Level Annotations

Branches:
Dungeon (2/15)

Altars:


Innate Abilities, Weirdness & Mutations

You are resistant to torment.
Your stone body is resilient. (AC +3)
You are immune to poison.
You resist negative energy. (rN+)
You are resistant to electric shocks. (rElec)
You can survive without breathing.
You are immune to petrification.
You are immune to rotting.


Message History

You closely miss the bat. The bat closely misses you.
The centaur wields a shortbow.
The centaur shoots an arrow.
The arrow hits you!
The centaur shoots an arrow.
The arrow hits you!
* * * LOW HITPOINT WARNING * * *
You are too injured to fight recklessly!
You are too injured to fight recklessly!
You are too injured to fight recklessly!
You are too injured to fight recklessly!
You are too injured to fight recklessly!
You are too injured to fight recklessly!
You are too injured to fight recklessly!
You are too injured to fight recklessly!
You are too injured to fight recklessly!
You are too injured to fight recklessly!
You are too injured to fight recklessly!
You closely miss the bat. The bat hits you but does no damage.
The centaur shoots an arrow.
The arrow hits you.
* * * LOW HITPOINT WARNING * * *
The centaur shoots an arrow.
The arrow hits you.
You die...

#.# #.#######
#.......# #.#####.#
#.#####.# #.#.....#
##########.#.######
####>.(..............[
#....@##.####.#.#.....
#..c..##.# #.#.....#.
#.....##.# #.###.#.#.
#....b##.# #...#<#.#.
#.....##.######.###.#.
#.....##.....##.#.....
#.....######.##.#.#.#.
#.....# #.##.#.#.#.
#.##.#...#.


You could see a centaur and a bat.

Vanquished Creatures
  A gnoll (D:1)
  2 worms (D:2)
  A dart slug (D:1)
  6 bats
  10 hobgoblins
  11 jackals
  10 kobolds
  3 frilled lizards
  7 goblins
  6 rats
57 creatures vanquished.

Notes
Turn   | Place    | Note
-------+----------+-------------------------------------------
     0 | D:1      | wolfsongas the Gargoyle Gladiator began the quest for the Orb.
     0 | D:1      | Reached XP level 1. HP: 12/12 MP: 1/1
    88 | D:1      | Reached XP level 2. HP: 13/18 MP: 2/2
   237 | D:1      | Reached skill level 1 in Armour
   303 | D:1      | Reached XP level 3. HP: 21/22 MP: 3/3
   813 | D:2      | Reached skill level 4 in Maces & Flails
   836 | D:2      | Reached XP level 4. HP: 26/28 MP: 4/4
  1442 | D:2      | Noticed a centaur
  1446 | D:2      | Shot with an arrow by a centaur

Vault maps used:
D:1:      dpeg_arrival_round_c, minmay_box_of_dots
D:2:      first_ration

Skill      XL: |  1  2  3 |
---------------+----------+-----
Armour         | 1 |  1.7
Maces & Flails | 4 |  4.2
Fighting       | 3 |  3.1
Throwing       | |  1.7
Dodging        | |  2.4

Action                   |  1- 3 |  4- 6 || total
-------------------------+-------+-------++-------
Melee: Flail             |   138 |    56 ||   194
  Use: Scroll            |     3 |     3 ||     6
  Eat: Chunk             |       |     2 ||     2
Armor: Scale mail        |    85 |    41 ||   126
Dodge: Dodged            |    93 |    51 ||   144

Table legend:
 A = Spawn XP
 B = Non-spawn XP
 C = Spawn XP percentage of total XP
 D = Spawn monster count
 E = Non-spawn monster count
 F = Spawn count percentage of total count
 G = Total turns spent on level
                    A         B        C        D         E        F      G
               +---------+---------+-------+---------+---------+-------+---------
         Total |       0 |     118 |   0.0 |       0 |      57 |   0.0 |  1446
               +---------+---------+-------+---------+---------+-------+---------
           D:1 |       0 |      69 |   0.0 |       0 |      32 |   0.0 |   759
           D:2 |       0 |      49 |   0.0 |       0 |      25 |   0.0 |   687
               +---------+---------+-------+---------+---------+-------+---------
